 Dungeon Sprint DCSS version 0.23.2-1-ga50397a (webtiles) character file.

Game seed: 6434168130568465190

125 doot the Thaumaturge (level 4, -29/24 HPs)
             Began as a Deep Elf Wizard on May 5, 2019.
             Was an Initiate of Vehumet.
             Killed from afar by a deep elf mage (43 damage)
             ... with a bolt of cold
             ... in the Dungeon (Sprint III: "The Ten Rune Challenge").
             The game lasted 00:04:07 (1157 turns).

doot the Thaumaturge (Deep Elf Wizard)              Turns: 1157, Time: 00:04:07

Health: -29/24     AC:  5    Str:  4    XL:     4   Next: 82%
Magic:  11/18      EV: 14    Int: 24    God:    Vehumet [......]
Gold:   24         SH:  0    Dex: 13    Spells: 9/23 levels left

rFire    . . .     SeeInvis .   s - +2 quarterstaff (chaos)
rCold    . . .     Gourm    .   (shield currently unavailable)
rNeg     . . .     Faith    .   a - +0 robe
rPois    .         Spirit   .   b - +0 hat
rElec    .         Reflect  .   t - +2 cloak
rCorr    .         Harm     .   (no gloves)
MR       .....     NoTele   +   (no boots)
Stlth    ++........             (no amulet)
HPRegen  0.08/turn              (no ring)
MPRegen  0.16/turn              (no ring)

@: no status effects
A: wild magic 1, evolution 1
a: Renounce Religion


You were in the Dungeon.
You worshipped Vehumet.
Vehumet was noncommittal.
You were not hungry.

You visited 1 branch You collected 24 gold pieces.

Inventory:

Hand Weapons
 k - a +0 short sword
 s - a +2 quarterstaff of chaos (weapon)
Armour
 a - a +0 robe (worn)
 b - a +0 hat (worn)
 t - a +2 cloak (worn)
Scrolls
 c - 2 scrolls of holy word {unknown}
 i - 2 scrolls of identify
 j - a scroll of blinking
 l - 4 scrolls of remove curse
 n - a scroll of torment {unknown}
 o - a scroll of random uselessness {unknown}
Potions
 e - a potion of curing
 f - a potion of heal wounds
 g - a potion of haste
 h - 2 potions of magic
 m - 3 potions of flight
 p - a potion of berserk rage
 q - 2 potions of mutation
 r - 2 potions of brilliance {unknown}
Comestibles
 d - 3 rations


   Skills:
 + Level 0.8 Fighting
 + Level 1.0 Short Blades
 + Level 0.2 Staves
 + Level 4.5 Dodging
 + Level 3.7 Stealth
 + Level 10.3 Spellcasting
 + Level 3.2 Conjurations
 + Level 1.5 Hexes
 + Level 2.9 Summonings
 + Level 1.6 Translocations
 + Level 0.3 Fire Magic


You had 9 spell levels left.
You knew the following spells:

 Your Spells              Type           Power        Failure   Level  Hunger
a - Magic Dart            Conj           ####         2%          1    None
b - Blink                 Tloc           N/A          6%          2    None
c - Call Imp              Summ           ####....     4%          2    None
d - Slow                  Hex            ####....     7%          2    None
e - Conjure Flame         Conj/Fire      ####....     12%         3    None
f - Mephitic Cloud        Conj/Pois/Air  ###.....     14%         3    None
g - Animate Skeleton      Necr           N/A          8%          1    None

Your spell library contained the following spells:

 Spells                   Type           Power        Failure   Level  Hunger
 Summon Small Mammal      Summ           ####         3%          1    None
 Apportation              Tloc           ####..       4%          1    None
 Confusing Touch          Hex            ####..       4%          1    None


Dungeon Overview and Level Annotations

Branches:
Dungeon (1/1)

Altars:
Elyvilon
Kikubaaqudgha
Sif Muna
Vehumet
Zin
The Shining One


Innate Abilities, Weirdness & Mutations

Your spells are a little harder to cast, but a little more powerful.
You evolve.


Message History

Your wizard skeleton closely misses the deep elf mage.
The deep elf mage mumbles some strange words.
The deep elf mage blinks!
Your wizard skeleton misses the deep elf mage.
The deep elf mage hits your wizard skeleton but does no damage.
Your wizard skeleton hits the deep elf mage with a +0 dagger.
Your white imp hits the deep elf mage.
Your white imp freezes the deep elf mage.
The deep elf mage gestures at you while chanting.
The shard of ice hits your wizard skeleton!!
Your wizard skeleton partially resists.
Your wizard skeleton is destroyed!
Your white imp hits the deep elf mage.
Your white imp freezes the deep elf mage.
The deep elf mage points at you and mumbles some strange words.
The bolt of cold hits your shadow imp.
Your shadow imp resists.
The bolt of cold hits you!!!
Ouch! That really hurt!
You die...

▓▓▓▓ ▓▓▓ ...####
##.#####
......#####..#e5_#
.......#..#..#.5.#
#.##.÷.#..#..###'#+###+#
#.###g.##'#..#..@.......
##.##5.###...'.⌠........
..##..####...#...######+
..##..###÷...#.⌠.#
.##...##.....#...#
##....#......#'###
##..##.#.....#).:# #..
####....#___# ▓▓▓
▓▓▓▓▓▓▓▓▓▓


You could see a deep elf mage, a friendly white imp and a friendly shadow imp.

Vanquished Creatures
  A water elemental (D)
  A human (D)
  An ooze (D)
  3 rats (D)
6 creatures vanquished.

Vanquished Creatures (collateral kills)
  Crazy Yiuf (D)
  A wizard (D)
  A kobold demonologist (D)
3 creatures vanquished.

Vanquished Creatures (others)
  2 draconian scorchers (D)
  6 hellions (D)
  2 yaktaurs (D)
  A plant (D)
11 creatures vanquished.

Grand Total: 20 creatures vanquished

Notes
Turn   | Place    | Note
-------+----------+-------------------------------------------
     0 | D        | doot the Deep Elf Wizard began the quest for the Orb.
     0 | D        | Reached XP level 1. HP: 10/10 MP: 7/7
    18 | D        | Reached skill level 5 in Spellcasting
    25 | D        | Killed a yaktaur
    77 | D        | Killed a hellion
    77 | D        | Killed a hellion
   140 | D        | Killed a hellion
   150 | D        | Killed a hellion
   164 | D        | Killed a white draconian scorcher
   191 | D        | Killed a hellion
   230 | D        | Killed a hellion
   233 | D        | Killed a yaktaur
   294 | D        | Killed a white draconian scorcher
   327 | D        | Reached skill level 6 in Spellcasting
   381 | D        | Reached skill level 7 in Spellcasting
   381 | D        | Reached XP level 2. HP: 5/15 MP: 7/12
   568 | D        | Learned a level 2 spell: Blink
   571 | D        | Learned a level 2 spell: Call Imp
   574 | D        | Learned a level 2 spell: Slow
   594 | D        | Noticed Crazy Yiuf
   650 | D        | Gained mutation: You are somewhat resistant to further
                  | mutation. [potion of mutation]
   653 | D        | Lost mutation: You are somewhat resistant to further
                  | mutation. [potion of mutation]
   653 | D        | Gained mutation: You evolve. [potion of mutation]
   653 | D        | Gained mutation: Your spells are a little harder to cast,
                  | but a little more powerful. [potion of mutation]
   852 | D        | Killed Crazy Yiuf
   852 | D        | Reached skill level 8 in Spellcasting
   852 | D        | Reached XP level 3. HP: 20/20 MP: 1/14
   949 | D        | Learned a level 3 spell: Conjure Flame
   953 | D        | Learned a level 3 spell: Mephitic Cloud
   980 | D        | Noticed a water elemental
   984 | D        | Killed a water elemental
   984 | D        | Reached skill level 9 in Spellcasting
   984 | D        | Reached skill level 1 in Hexes
   984 | D        | Reached XP level 4. HP: 24/24 MP: 5/17
  1057 | D        | Found a radiant altar of Vehumet.
  1059 | D        | Found a deep blue altar of Sif Muna.
  1059 | D        | Found an ancient bone altar of Kikubaaqudgha.
  1059 | D        | Noticed a wizard
  1072 | D        | Killed a wizard
  1072 | D        | Reached skill level 10 in Spellcasting
  1073 | D        | Reached skill level 1 in Short Blades
  1081 | D        | Became a worshipper of Vehumet
  1088 | D        | Learned a level 1 spell: Animate Skeleton
  1136 | D        | Found a glowing silver altar of Zin.
  1137 | D        | Found a glowing golden altar of the Shining One.
  1137 | D        | Found a white marble altar of Elyvilon.
  1137 | D        | Noticed a deep elf mage
  1157 | D        | Killed from afar by a deep elf mage

Skill      XL: |  1  2  3  4 |
---------------+-------------+-----
Spellcasting   | 7 8 9 10 | 10.3
Dodging        | 3 4 |  4.5
Stealth        | 3 |  3.7
Conjurations   | 2 3 |  3.2
Hexes          | 1 |  1.5
Summonings     | 2 |  2.9
Short Blades   | 1 |  1.0
Fighting       | |  0.8
Staves         | |  0.2
Translocations | |  1.6
Fire Magic     | |  0.3

Action                   |  1- 3 |  4- 6 || total
-------------------------+-------+-------++-------
Melee: Short sword       |    14 |       ||    14
       Quarterstaff      |     1 |     4 ||     5
 Cast: Magic Dart        |    17 |       ||    17
       Call Imp          |     5 |     3 ||     8
       Slow              |     2 |       ||     2
       Blink             |     2 |       ||     2
       Conjure Flame     |     1 |       ||     1
       Mephitic Cloud    |       |     3 ||     3
       Animate Skeleton  |       |     1 ||     1
  Use: Potion            |     3 |     1 ||     4
  Eat: Chunk             |       |     1 ||     1
Armor: Robe              |     1 |     1 ||     2
Dodge: Dodged            |    11 |     8 ||    19
